 Dungeon Crawl Stone Soup version 0.18-a0-943-g2c08dd4 (webtiles) character file.

33 Duffy the Shooter (level 3, 0/30 HPs)
             Began as a Centaur Hunter on Dec 28, 2015.
             Succumbed to an adder's poison
             ... on level 2 of the Dungeon.
             The game lasted 00:01:05 (1033 turns).

Duffy the Shooter (Centaur Hunter)                  Turns: 1033, Time: 00:01:05

Health: 0/30       AC:  6    Str: 15    XL:     3   Next: 12%
Magic:  3/3        EV:  8    Int: 10    God:
Gold:   93         SH:  0    Dex:  9    Spells: 0 memorised, 2 levels left

rFire  . . .     SeeInvis .     b - +0 short sword
rCold  . . .     Gourm    .     l - +0 ring mail
rNeg   . . .     Faith    .     (no shield)
rPois  .         Spirit   .     (no helmet)
rElec  .         Dismiss  .     (no cloak)
rCorr  .         Reflect  .     h - +0 pair of gloves
SustAt .         Harm     .     (no barding)
MR     .....                    (no amulet)
Stlth  ..........               (no ring)
                                (no ring)

@: lethally poisoned (0 -> -4), very quick, not resistant to hostile
enchantments, extremely unstealthy
A: hooves 3, deformed body, speed 2, tough skin 3
a: no special abilities


You were on level 2 of the Dungeon.
You were not hungry.

You visited 1 branch of the dungeon, and saw 2 of its levels.

You collected 93 gold pieces.


Innate Abilities, Weirdness & Mutations

You have hooves in place of feet.
Armour fits poorly on your strangely shaped body.
You cover ground very quickly.
You have extremely tough skin (AC +3).


   Skills:
 + Level 2.8 Fighting
 + Level 5.9 Bows
 - Level 1.5 Dodging
 - Level 0.5 Stealth


You had 2 spell levels left.
You didn't know any spells.

Inventory:

Hand Weapons
 a - a +1 shortbow
 b - a +0 short sword (weapon)
Missiles
 d - 20 arrows
Armour
 h - a +0 pair of gloves (worn)
 l - a +0 ring mail (worn)
Jewellery
 g - an uncursed ring of ice
Scrolls
 c - a scroll of fear {unknown}
 e - a scroll of magic mapping {unknown}
 k - 2 scrolls of remove curse {unknown}
 m - a scroll of random uselessness {unknown}
Comestibles
 f - 2 bread rations
 i - 2 meat rations

Dungeon Overview and Level Annotations

Branches:
Dungeon (2/15)

Altars:
Gozag


Message History

You are too injured to fight recklessly!
You are too injured to fight recklessly!
You are too injured to fight recklessly!
You are too injured to fight recklessly!
You are too injured to fight recklessly!
You are too injured to fight recklessly!
You are too injured to fight recklessly!
You are too injured to fight recklessly!
You are too injured to fight recklessly!
You are too injured to fight recklessly!
You barely miss the adder.
The adder is heavily wounded.
You feel sick. The adder bites you. The adder barely misses you.
You closely miss the adder.
The adder is heavily wounded.
You feel sick. The adder barely misses you.
You hit the adder.
You kill the adder!
You have reached level 3!
Your experience leads to an increase in your attributes!
Increase (S)trength, (I)ntelligence, or (D)exterity?
You feel stronger.
You feel sick.
There is a lethal amount of poison in your body!
Drink which item? (? for menu, Esc to quit)
It was a potion of cure mutation.
It has a very clean taste.
You feel sick.
There is a lethal amount of poison in your body!
You feel sick.
You feel sick.
You feel sick.
You feel sick.
You feel sick.
You feel sick.
You feel sick.
You die...

... #..#
########g.#
#.....r#.#####
#.#.##........
#.####.#####
#.# .# #.# .#
#)# .# #@# .#
#%# #.# #.#
#.# ..# ###


There were no monsters in sight!

Action                   || total
-------------------------++-------
Melee: Short sword       ||    88
  Use: Potion            ||     1

Notes
Turn   | Place    | Note
--------------------------------------------------------------
     0 | D:1      | Duffy the Centaur Hunter began the quest for the Orb.
     0 | D:1      | Reached XP level 1. HP: 17/17 MP: 1/1
   350 | D:1      | Reached XP level 2. HP: 23/25 MP: 2/2
   839 | D:2      | Found an opulent altar of Gozag.
  1016 | D:2      | Reached XP level 3. HP: 8/30 MP: 3/3
  1033 | D:2      | Succumbed to an adder's poison

Vault maps used:
D:1:      kilobyte_arrival_exit_the_forest
D:2:      overflow_temple_1_default, fedhas_altar_2, nicolae_gozag_seed_capital

Vanquished Creatures
  An adder
  2 giant cockroaches
  A hobgoblin
  2 jackals
  4 bats
  3 giant newts
  7 goblins
  3 kobolds
  4 rats
27 creatures vanquished.
